 Dungeon Crawl Stone Soup version 0.22-a0-422-g9628fc8 (webtiles) character file.

22 Mgcat the Shooter (level 2, 0/29 HPs)
             Began as a Gnoll Wanderer on May 20, 2018.
             Slain by a worm (7 damage)
             ... on level 2 of the Dungeon.
             The game lasted 00:02:06 (920 turns).

Mgcat the Shooter (Gnoll Wanderer)                   Turns: 920, Time: 00:02:07

Health: 0/29       AC:  6    Str: 13    XL:     2   Next: 91%
Magic:  2/2        EV: 10    Int: 13    God:
Gold:   96         SH:  0    Dex: 16    Spells: 2/2 levels left

rFire    . . .     SeeInvis .   g - +0 dagger (curse)
rCold    . . .     Gourm    .   (no shield)
rNeg     . . .     Faith    .   m - +0 ring mail
rPois    .         Spirit   .   (no helmet)
rElec    .         Reflect  .   (no cloak)
rCorr    .         Harm     .   (no gloves)
MR       .....                  (no boots)
Stlth    +.........             h - amulet of rage {+Rage, !d}
HPRegen  0.09/turn              (no ring)
MPRegen  0.08/turn              (no ring)

@: no status effects
A: distributed training, fangs 1, strong nose
a: Evoke Berserk Rage


You were on level 2 of the Dungeon.
You were not hungry.

You visited 1 branch of the dungeon, and saw 2 of its levels.

You collected 96 gold pieces.

Inventory:

Hand Weapons
 a - a +2 shortbow
 g - a cursed +0 dagger (weapon)
   (You took it off a kobold on level 1 of the Dungeon)
 l - a cursed -3 whip
   (You found it on level 1 of the Dungeon)
Missiles
 b - 27 arrows
Armour
 e - a +0 robe
 m - a +0 ring mail (worn)
   (You found it on level 1 of the Dungeon)
Jewellery
 h - an amulet of rage (around neck) {+Rage, !d}
   (You found it on level 1 of the Dungeon)
Scrolls
 j - a scroll of enchant weapon {unknown}
Potions
 c - 2 potions of curing
 d - a potion of lignification {!q}
 k - a potion of berserk rage {!q}
Comestibles
 f - 4 rations
 i - 3 chunks of flesh {@w0}


   Skills:
 + Level 6.5 Fighting
 + Level 0.5 Short Blades
 + Level 0.5 Long Blades
 + Level 0.5 Axes
 + Level 0.5 Maces & Flails
 + Level 0.5 Polearms
 + Level 0.5 Staves
 + Level 0.5 Slings
 + Level 6.5 Bows
 + Level 0.5 Crossbows
 + Level 2.5 Throwing
 + Level 4.5 Armour
 + Level 0.5 Dodging
 + Level 0.5 Stealth
 + Level 2.5 Shields
 + Level 0.5 Unarmed Combat
 + Level 0.5 Spellcasting
 + Level 0.4 Conjurations
 + Level 0.4 Hexes
 + Level 0.4 Charms
 + Level 0.4 Summonings
 + Level 0.4 Necromancy
 + Level 0.4 Translocations
 + Level 0.4 Transmutations
 + Level 0.4 Fire Magic
 + Level 0.4 Ice Magic
 + Level 0.4 Air Magic
 + Level 0.4 Earth Magic
 + Level 0.4 Poison Magic
 + Level 0.7 Invocations
 + Level 0.5 Evocations


You had 2 spell levels left.
You didn't know any spells.
Your spell library was empty.

Dungeon Overview and Level Annotations

Branches:
Dungeon (2/15)

Altars:


Innate Abilities, Weirdness & Mutations

Your experience applies equally to all skills.
You have very sharp teeth.
Your uncanny sense of smell can sniff out nearby items.


Message History

Found a stone staircase leading up.
A worm is nearby!
A kobold comes into view.
The kobold shouts!
Found an escape hatch in the floor.
Found a stone staircase leading down.
The worm bites you!
You hit the worm.
The worm is lightly wounded.
The worm bites you.
You are too injured to fight recklessly!
You are too injured to fight recklessly!
You are too injured to fight recklessly!
You are too injured to fight recklessly!
You are too injured to fight recklessly!
You barely miss the worm. You bite the worm, but do no damage.
The worm is lightly wounded.
You hit the worm but do no damage.
The worm is lightly wounded.
The worm closely misses you. The kobold misses you.
The kobold hits you but does no damage.
You hit the kobold but do no damage. You hit the kobold but do no damage.
You bite the kobold.
The kobold is moderately wounded.
The kobold hits you.
You barely miss the kobold.
The kobold is moderately wounded.
The kobold closely misses you.
You hit the kobold but do no damage. Your bite misses the kobold.
The kobold is moderately wounded.
The kobold hits you.
You hit the kobold.
The kobold is heavily wounded.
The kobold hits you but does no damage.
You hit the kobold but do no damage. Your bite misses the kobold.
The kobold is heavily wounded.
The kobold completely misses you.
You hit the kobold. Your bite misses the kobold.
The kobold is severely wounded.
The kobold hits you. The worm bites you but does no damage.
You hit the kobold but do no damage.
The kobold is severely wounded.
The kobold barely misses you.
You miss the kobold.
The kobold is severely wounded.
The kobold barely misses you. The worm closely misses you.
You hit the kobold.
You kill the kobold!
The worm misses you.
You hit the worm.
The worm is lightly wounded.
The worm closely misses you.
You hit the worm.
The worm is moderately wounded.
You hit the worm but do no damage.
The worm is moderately wounded.
The worm bites you but does no damage.
You barely miss the worm.
The worm is lightly wounded.
The worm bites you but does no damage.
You hit the worm. You bite the worm.
The worm is moderately wounded.
You hit the worm.
The worm is heavily wounded.
The worm barely misses you.
You barely miss the worm.
The worm is moderately wounded.
You hit the worm but do no damage.
The worm is moderately wounded.
The worm barely misses you.
You hit the worm. You bite the worm, but do no damage.
The worm is heavily wounded.
You hit the worm.
The worm is severely wounded.
The worm bites you!
* * * LOW HITPOINT WARNING * * *
You hit the worm but do no damage.
The worm is severely wounded.
The worm bites you but does no damage.
You hit the worm but do no damage. You bite the worm, but do no damage.
The worm is severely wounded.
You hit the worm.
The worm is almost dead.
The worm bites you but does no damage.
You hit the worm but do no damage. You bite the worm, but do no damage.
The worm is severely wounded.
You barely miss the worm. You bite the worm, but do no damage.
The worm is severely wounded.
The worm closely misses you.
You hit the worm but do no damage.
The worm is severely wounded.
You hit the worm but do no damage.
The worm is severely wounded.
The worm closely misses you.
You hit the worm but do no damage.
The worm is severely wounded.
You hit the worm.
The worm is almost dead.
The worm bites you!
You die...

.## ..# #.#
###.# #...####
##(....#
#......#
#.w....#
######+.@..<.#
........#######
..............#
..............#
##<...........#
####.........#
#.........#
#>........#
#......>..#


You could see a worm.

Vanquished Creatures
  2 dart slugs (D:1)
  A giant cockroach (D:1)
  2 goblins (D:1)
  A ball python (D:1)
  3 bats (D:1)
  A frilled lizard (D:1)
  3 kobolds
  6 rats (D:1)
19 creatures vanquished.

Notes
Turn   | Place    | Note
-------+----------+-------------------------------------------
     0 | D:1      | Mgcat the Gnoll Wanderer began the quest for the Orb.
     0 | D:1      | Mgcat set off with: a +2 shortbow, 27 arrows, a potion of curing, a potion of lignification {!q}, a +0 robe, a ration
     0 | D:1      | Reached XP level 1. HP: 23/23 MP: 1/1
   266 | D:1      | Reached XP level 2. HP: 19/29 MP: 2/2
   911 | D:2      | HP: 6/29 [worm (8)]
   920 | D:2      | Slain by a worm

Vault maps used:
D:1:      minmay_arrival_hallway
D:2:      tso_metal_star, chequers_ecumenical_altar_island,
          nicolae_ru_great_annihilating_truth, uniq_robin

Action                   || total
-------------------------++-------
Melee: Unarmed           ||    17
       Dagger            ||   110
       Bite              ||    16
  Use: Scroll            ||     3
 Stab: Sleeping          ||     1
Armor: Robe              ||    24
       Ring mail         ||     7
Dodge: Dodged            ||    67

Table legend:
 A = Spawn XP
 B = Non-spawn XP
 C = Spawn XP percentage of total XP
 D = Spawn monster count
 E = Non-spawn monster count
 F = Spawn count percentage of total count
 G = Total turns spent on level
                    A         B        C        D         E        F      G
               +---------+---------+-------+---------+---------+-------+---------
         Total |       0 |      32 |   0.0 |       0 |      19 |   0.0 |   920
               +---------+---------+-------+---------+---------+-------+---------
           D:1 |       0 |      30 |   0.0 |       0 |      18 |   0.0 |   878
           D:2 |       0 |       2 |   0.0 |       0 |       1 |   0.0 |    42
               +---------+---------+-------+---------+---------+-------+---------

Vault maps used:
D:1:      minmay_arrival_hallway
D:2:      tso_metal_star, chequers_ecumenical_altar_island,
          nicolae_ru_great_annihilating_truth, uniq_robin

Table legend:
 A = Turns spent in this place as a percentage of turns spent in the entire game.
 B = Non-inter-level travel turns spent in this place as a percentage of non-inter-level travel turns spent in the entire game.
 C = Inter-level travel turns spent in this place as a percentage of turns spent in this place.
 D = Turns resting spent in this place as a percentage of non-inter-level travel turns spent in this place.
 E = Turns spent auto-exploring this place as a percentage of non-inter-level travel turns spent in this place.
 F = Non-inter-level travel turns spent in this place divided by the number of levels of this place that you've seen.
                   A       B       C       D       E      F
               +-------+-------+-------+-------+-------+----------------------
         Total | 100.0 | 100.0 |   1.7 |   0.0 |  73.5 | 452.0
       Dungeon | 100.0 | 100.0 |   1.7 |   0.0 |  73.5 | 452.0
               +-------+-------+-------+-------+-------+----------------------

Table legend:
 A = Kills in this place as a percentage of kills in entire the game.
 B = Kills by you in this place as a percentage of kills by you in the entire game.
 C = Kills by friends in this place as a percentage of kills by friends in the entire game.
 D = Other kills in this place as a percentage of other kills in the entire game.
 E = Experience gained in this place as a percentage of experience gained in the entire game.
 F = Experience gained in this place divided by the number of levels of this place that you have seen.
                   A       B       C       D       E      F
               +-------+-------+-------+-------+-------+----------------------
         Total | 100.0 | 100.0 |   N/A |   N/A | 100.0 |  16.0
       Dungeon | 100.0 | 100.0 |   N/A |   N/A | 100.0 |  16.0
               +-------+-------+-------+-------+-------+----------------------
